 Dungeon Crawl Stone Soup version 0.29.1-2-gbd0b4ee654 (webtiles) character file.

Game seed: 9153215650459642485

1486 warriortoast the Covert (level 8, -2/36 HPs)
             Began as a Spriggan Enchanter on Nov 19, 2022.
             Slain by a deep troll (23 damage)
             ... on level 7 of the Dungeon.
             The game lasted 00:17:37 (7841 turns).

warriortoast the Covert (Spriggan Enchanter)        Turns: 7841, Time: 00:17:37

Health: -2/36      AC:  4    Str:  6    XL:     8   Next: 50%
Magic:  15/17      EV: 20    Int: 17    God:
Gold:   207        SH:  0    Dex: 15    Spells: 10/18 levels left

rFire   . . .      SeeInvis +   a - +1 dagger
rCold   . . .      Faith    .   (no shield)
rNeg    . . .      Spirit   .   b - +0 robe
rPois   .          Reflect  .   s - +2 hat
rElec   .          Harm     .   (no cloak)
rCorr   .          Rampage  .   (gloves unavailable)
Will    +....                   (boots unavailable)
Stlth   ++++......              (no amulet)
HPRegen 0.12/turn               (no ring)
MPRegen 0.15/turn               (no ring)

@: very quick
A: very small, no large weapons, unfitting armour, see invisible, speed 3
a: no special abilities


You were on level 7 of the Dungeon.
You visited 1 branch of the dungeon, and saw 8 of its levels.

You collected 295 gold pieces.
You spent 88 gold pieces at shops.

Inventory:

Hand Weapons
 a - a +1 dagger (weapon)
 e - a +0 shortbow of freezing
Armour
 b - a +0 robe (worn)
 s - a +2 hat (worn)
Jewellery
 t - an amulet of guardian spirit
Scrolls
 d - 4 scrolls of identify {unknown}
 f - 5 scrolls of butterflies {unknown}
 h - a scroll of fear {unknown}
 i - a scroll of enchant weapon {unknown}
 k - 2 scrolls of summoning {unknown}
 p - a scroll of immolation {unknown}
 u - a scroll of poison {unknown}
 v - 2 scrolls of teleportation {unknown}
 y - a scroll of vulnerability {unknown}
Potions
 c - 3 potions of invisibility
 g - 2 potions of flight {unknown}
 j - 5 potions of curing {unknown}
 l - a potion of heal wounds {unknown}
 m - 5 potions of lignification {unknown}
 n - a potion of degeneration {unknown}
 o - a potion of brilliance {unknown}
 q - a potion of attraction {unknown}
 r - 2 potions of magic {unknown}
 w - a potion of mutation {unknown}
 x - a potion of might {unknown}
 z - a potion of cancellation {unknown}


   Skills:
 + Level 4.7 Short Blades
 + Level 3.5 Ranged Weapons
 + Level 6.4 Dodging
 + Level 8.1 Stealth
 + Level 5.9 Spellcasting
 + Level 6.4 Hexes


You had 10 spell levels left.
You knew the following spells:

 Your Spells              Type           Power      Damage    Failure   Level
a - Ensorcelled Hibernat  Hex/Ice        32%        N/A       5%          2
b - Confusing Touch       Hex            27%        N/A       2%          3
c - Tukima's Dance        Hex            27%        N/A       2%          3

Your spell library contained the following spells:

 Spells                   Type           Power      Damage    Failure   Level
 Dazzling Flash           Conj/Hex       32%        N/A       11%         3
 Static Discharge         Conj/Air       5%         3-4/arc   21%         2
 Lightning Bolt           Conj/Air       2%         1d14      98%         5
 Maxwell's Capacitive Co  Air            2%         ∞         100%        8


Dungeon Overview and Level Annotations

Branches:
Dungeon (8/15)
 Temple: D:4-7         Lair: D:8-11

Altars:
Cheibriados
Kikubaaqudgha
Nemelex Xobeh

Shops:
D:1 ((!?


Innate Abilities, Weirdness & Mutations

You are very small and have problems with some larger weapons.
You are too small for most types of armour.
You have supernaturally acute eyesight. (SInv)
You cover ground extremely quickly. (Speed+++)


Message History

The deep troll is lightly wounded.
You shoot an arrow.
The arrow closely misses the deep troll.
You shoot an arrow.
The arrow hits the deep troll but does no damage.
The deep troll is lightly wounded.
You shoot an arrow. The arrow barely misses the deep troll.
You shoot an arrow. The arrow hits the deep troll!
The arrow freezes the deep troll.
The deep troll is moderately wounded.
You shoot an arrow. The arrow barely misses the deep troll.
Your +0 shortbow of freezing stops glowing.
a - a +1 dagger (weapon)
Casting: Confusing Touch (dangerous; 2% risk of failure)
Confirm with . or Enter, or press ? or * to list all spells.
Your hands begin to glow red.
The deep troll misses you. The deep troll closely misses you. x2
You hit the deep troll but do no damage.
The deep troll appears confused.
The deep troll is lightly wounded.
You catch the helpless deep troll completely off-guard!
You impale the deep troll!!
The deep troll is heavily wounded.
You catch the helpless deep troll completely off-guard!
You impale the deep troll!!
The deep troll is almost dead.
You hit the deep troll but do no damage.
The deep troll is almost dead.
The deep troll bites you but does no damage.
The deep troll claws you! The deep troll closely misses you.
The deep troll looks very confused.
You hit the deep troll but do no damage.
The deep troll is almost dead.
You hit the deep troll but do no damage.
The deep troll is almost dead.
You hit the deep troll but do no damage.
The deep troll is severely wounded.
The deep troll bites you!!
Ouch! That really hurt!
You die...

.......##...#...................#
....##..#..##..##..............##
....##...........##.............#
...................^.............
......##............##...........
# ..#####..#........#........#..
. .........#.............#..####
. #.#.##........T...)...###..# .
#........@....#....##..# .
####.....................## .
##.#......................# (
#..##.............##<.##.## .
#..#.............#.......# ##
#..#........#....#......## .#
##...............##.###.##
.####..............##........#
..#.##.....##.....##......⌠.⌠##


You could see a deep troll (confused).

Vanquished Creatures
  A water moccasin (D:8)
  An orc warrior (D:7)
  A sky beast (D:8)
  4 ice beasts
  A phantom (D:4)
  A bullfrog (D:8)
  2 scorpions
  6 hounds
  A gnoll bouda (D:4)
  Jessica (D:3)
  An iguana (D:7)
  Natasha (thrice) (D:2)
  2 orc wizards (D:7)
  4 gnolls
  7 adders
  2 dart slugs
  2 worms
  8 orcs
  11 ball pythons
  4 bats
  2 endoplasms (D:3)
  4 giant cockroaches
  12 goblins
  6 hobgoblins
  6 jackals
  3 quokkas
  2 frilled lizards (D:1)
  7 kobolds
  2 rats
107 creatures vanquished.

Vanquished Creatures (others)
  An adder (D:2)
  An orc (D:7)
2 creatures vanquished.

Grand Total: 109 creatures vanquished

Notes
Turn   | Place    | Note
-------+----------+-------------------------------------------
     0 | D:1      | warriortoast the Spriggan Enchanter began the quest for the
                  | Orb.
     0 | D:1      | Reached XP level 1. HP: 9/9 MP: 5/5
   254 | D:1      | Reached XP level 2. HP: 13/13 MP: 6/6
   317 | D:1      | Learned a level 2 spell: Ensorcelled Hibernation
   562 | D:1      | Found Manuv's Weapon Emporium.
   855 | D:1      | Found Benaut's Weapon Boutique.
  1250 | D:1      | Found Furgh's Distillery.
  1253 | D:1      | Found Uggep's Magic Scroll Emporium.
  1255 | D:1      | Reached XP level 3. HP: 16/16 MP: 8/8
  1328 | D:2      | Found a faded altar of an unknown god.
  1560 | D:2      | Noticed Natasha
  1737 | D:2      | Learned a level 3 spell: Confusing Touch
  1741 | D:2      | Learned a level 3 spell: Tukima's Dance
  1790 | D:2      | Reached skill level 5 in Stealth
  2326 | D:2      | Killed Natasha
  2327 | D:2      | Reached XP level 4. HP: 2/21 MP: 7/10
  2622 | D:2      | Noticed Natasha
  2638 | D:2      | Killed Natasha
  2791 | D:2      | Noticed Natasha
  2805 | D:2      | Killed Natasha
  2935 | D:2      | Identified the +9 sling "Ythruss" {speed, rC- rCorr Str+2}
  2966 | D:3      | Reached XP level 5. HP: 24/24 MP: 11/11
  3651 | D:1      | Bought a +0 shortbow of freezing for 88 gold pieces
  3918 | D:3      | Noticed Jessica
  3920 | D:3      | Killed Jessica
  4459 | D:4      | Reached skill level 1 in Ranged Weapons
  4459 | D:4      | Reached skill level 6 in Stealth
  4459 | D:4      | Reached XP level 6. HP: 28/28 MP: 10/13
  4603 | D:4      | Reached skill level 5 in Hexes
  4630 | D:4      | Found an ancient bone altar of Kikubaaqudgha.
  5306 | D:4      | Reached XP level 7. HP: 29/32 MP: 10/14
  5415 | D:5      | Entered Level 5 of the Dungeon
  5551 | D:5      | Reached skill level 5 in Dodging
  5715 | D:5      | Found a snail-covered altar of Cheibriados.
  6328 | D:5      | Reached skill level 7 in Stealth
  6461 | D:6      | You fall into a shaft and drop 2 floors!
  6471 | D:8      | Reached skill level 5 in Spellcasting
  6497 | D:7      | Noticed a deep troll
  7019 | D:8      | Reached XP level 8. HP: 7/36 MP: 8/17
  7669 | D:7      | Found a sparkling altar of Nemelex Xobeh.
  7694 | D:7      | Reached skill level 8 in Stealth
  7785 | D:7      | Noticed a deep troll
  7786 | D:7      | Noticed a deep troll
  7786 | D:7      | Noticed a deep troll
  7788 | D:7      | Noticed a deep troll
  7841 | D:7      | Slain by a deep troll

Illustrated notes

Levels and vault maps discovered:
D:1:      sevenhm_arrival_forest_fort_small_4, layout_loops_corners,
          serial_shops, shop, nicolae_shop_bloodbath_and_beyond, shop, shop
D:2:      layout_basic, nicolae_ecumenical_pavilion, minmay_small_reverse_x,
          uniq_natasha
D:3:      layout_basic, serial_shops, shop, chequers_serial_rivers_small_b,
          hex_tiny, grunt_ministairs_10, uniq_jessica, uniq_grinder
D:4:      layout_basic, mainiacjoe_overflow_chevrons, grunt_ministairs_4,
          due_unseen_surprise
D:5:      layout_basic, slow_altar_2
D:6:      layout_basic, nzn_hepliaklqana_mist_gate,
          mainiacjoe_overflow_cross_hatched, minmay_temple_entry_metal_lava,
          minmay_quadrilaterals, uniq_pikel
D:7:      layout_cave_pools, nemelex_xobeh_ov_fountains_minmay,
          hellmonk_guarded_unrand_vitality_bloodlust
D:8:      layout_rooms, grunt_qazlal_sundering,
          nicolae_yredelemnul_ghost_church, kennysheep_mini

Skill      XL: |  1  2  3  4  5  6  7  8 |
---------------+-------------------------+-----
Dodging        | 3 4 5 6 |  6.4
Spellcasting   | 3 4 5 |  5.9
Hexes          | 4 5 6 |  6.4
Stealth        | 5 6 7 8 |  8.1
Short Blades   | 2 3 4 |  4.7
Ranged Weapons | 1 2 3 |  3.5

Action                   |  1- 3 |  4- 6 |  7- 9 || total
-------------------------+-------+-------+-------++-------
Melee: Dagger            |   115 |   103 |   121 ||   339
       Punch             |       |     1 |     1 ||     2
 Fire: Shortbow          |       |    65 |    20 ||    85
 Cast: Ensorcelled Hiber |    27 |     5 |     7 ||    39
       Confusing Touch   |     3 |    16 |    14 ||    33
 Stab: Sleeping          |    25 |     3 |     9 ||    37
       Confused          |     3 |    12 |    10 ||    25
       Distracted        |     1 |       |       ||     1
Armor: Robe              |    16 |    28 |     6 ||    50
Dodge: Dodged            |    86 |   106 |    84 ||   276
